 Dungeon Sprint DCSS version 0.21.1-1-g345015f (webtiles) character file.

1234 wilfster70 the Covert (level 8, -30/65 HPs)
             Began as a Gnoll Enchanter on June 15, 2018.
             Was an Initiate of Ru.
             Killed from afar by a black draconian (41 damage)
             ... with a bolt of lightning
             ... in the Dungeon (Sprint V: "Ziggurat Sprint").
             The game lasted 00:07:08 (455 turns).

wilfster70 the Covert (Gnoll Enchanter)              Turns: 455, Time: 00:07:09

Health: -30/65     AC: 20    Str: 19    XL:     8   Next: 48%
Magic:  20/20      EV:  4    Int: 18    God:    Ru [......]
Gold:   0          SH: 14    Dex: 15    Spells: 22/23 levels left

rFire    + . .     SeeInvis +   a - +14 obsidian axe {chop, +Fly SInv *Curse} (curse)
rCold    + . .     Gourm    .   m - +3 shield
rNeg     . . .     Faith    .   k - +5 gold dragon scales
rPois    +         Spirit   .   (no helmet)
rElec    .         Reflect  .   (no cloak)
rCorr    .         Harm     .   (no gloves)
MR       +....     NoTele   +   (no boots)
Stlth    ..........             (no amulet)
HPRegen  0.20/turn              r - +6 ring of strength
MPRegen  0.17/turn              I - ring of Inta {MR+ Slay+2}

@: mesmerised, studying Shields
A: distributed training, fangs 1, strong nose
a: Renounce Religion, Evoke Flight


You were in the Dungeon.
You worshipped Ru.
Ru was noncommittal.
You were not hungry.

You visited 1 branch

Inventory:

Hand Weapons
 a - the cursed +14 obsidian axe (weapon) {chop, +Fly SInv *Curse}
   (You found it in the Dungeon)

   It inflicts extra damage upon your enemies.
   It lets you see invisible.
   It lets you fly.
   It curses itself when equipped.
   It has a curse placed upon it.
 L - the +8 frozen axe "Frostbite" {freezing cloud, *Noise +Fly rC+}
   (You took it off an orc warrior in the Dungeon)

   It has been specially enchanted to freeze those struck by it, causing extra
   injury to most foes and up to half again as much damage against particularly
   susceptible opponents.
   It can also slow down cold-blooded creatures.
   It protects you from cold.
   It lets you fly.
   It may make noises in combat.
Armour
 b - a +0 robe
 k - +5 gold dragon scales (worn)
 l - a +3 large shield
 m - a +3 shield (worn)
Jewellery
 n - a +6 ring of dexterity
 o - a +6 ring of dexterity
 p - a +6 ring of intelligence
 q - a +6 ring of intelligence
 r - a +6 ring of strength (left hand)
 s - a +6 ring of strength
 I - the ring of Inta (right hand) {MR+ Slay+2}
   (You found it in the Dungeon)

   [ring of protection from magic]

   It affects your accuracy and damage with ranged weapons and melee attacks
   (+2).
   It affects your resistance to hostile enchantments.
 J - a +3 ring of intelligence
Wands
 t - a wand of disintegration (7)
 u - a wand of iceblast (7)
 v - a wand of acid (7)
Scrolls
 j - 4 scrolls of blinking
 y - 4 scrolls of amnesia
 D - 7 scrolls of fog
 E - a scroll of holy word
 F - 5 scrolls of identify
 G - 5 scrolls of remove curse
 H - 2 scrolls of fear
 N - a scroll of brand weapon
Potions
 e - 10 potions of curing
 f - 10 potions of heal wounds
 g - 6 potions of haste
 h - 7 potions of magic
 i - 3 potions of berserk rage
 w - 2 potions of brilliance
 x - 2 potions of invisibility
 z - 4 potions of resistance
 B - 5 potions of agility
 C - 6 potions of might
Books
 c - a book of Maledictions

   Spells                             Type                      Level
   a - Corona                         Hexes                        1
   b - Ensorcelled Hibernation        Hexes/Ice                    2
   c - Confuse                        Hexes                        3
   d - Tukima's Dance                 Hexes                        3
   e - Dazzling Spray                 Conjuration/Hexes            3
 K - a book of Unlife

   Spells                             Type                      Level
   a - Recall                         Summoning/Translocation      3
   b - Animate Dead                   Necromancy                   4
   c - Borgnjor's Vile Clutch         Necromancy/Earth             5
   d - Death Channel                  Necromancy                   6
   e - Simulacrum                     Ice/Necromancy               6
 M - a manual of Shields
Miscellaneous
 O - a sack of spiders
 P - a fan of gales
Comestibles
 d - 7 rations
 A - 4 chunks of flesh


   Skills:
 + Level 6.5 Fighting
 + Level 7.1 Short Blades
 + Level 6.5 Long Blades
 + Level 6.5 Axes
 + Level 6.5 Maces & Flails
 + Level 6.5 Polearms
 + Level 6.5 Staves
 + Level 6.5 Slings
 + Level 6.5 Bows
 + Level 6.5 Crossbows
 + Level 6.5 Throwing
 + Level 6.5 Armour
 + Level 8.0 Dodging
 + Level 9.0 Stealth
 + Level 7.1 Shields
 + Level 6.5 Unarmed Combat
 + Level 8.3 Spellcasting
 + Level 5.4 Conjurations
 + Level 7.8 Hexes
 + Level 5.4 Charms
 + Level 5.4 Summonings
 + Level 5.4 Necromancy
 + Level 5.4 Translocations
 + Level 5.4 Transmutations
 + Level 5.4 Fire Magic
 + Level 5.4 Ice Magic
 + Level 5.4 Air Magic
 + Level 5.4 Earth Magic
 + Level 5.4 Poison Magic
 + Level 7.1 Invocations
 + Level 6.5 Evocations


You had 22 spell levels left.
You knew the following spells:

 Your Spells              Type           Power        Failure   Level  Hunger
a - Corona                Hex            #####..      91%         1    None


Dungeon Overview and Level Annotations

Branches:
Dungeon (1/1)

Altars:
Ashenzari
Cheibriados
Dithmenos
Elyvilon
Fedhas
Gozag
Hepliaklqana
Kikubaaqudgha
Makhleb
Nemelex Xobeh
Okawaru
Qazlal
Ru
Sif Muna
Trog
Uskayaw
Vehumet
Wu Jian
Xom
Yredelemnul
Zin
The Shining One
Beogh
Jiyva
Lugonu

Annotations:
D 1 transporter


Innate Abilities, Weirdness & Mutations

Your experience applies equally to all skills.
You have very sharp teeth.
Your uncanny sense of smell can sniff out nearby items.


Message History

The draconian hits you with a flail.
The draconian hits you but does no damage.
The black draconian hits you with the +8 quarterstaff of the Salmon {freeze, +Blink rPois rC+ Int+2}!!
The black draconian freezes you.
You hit the draconian. Your bite misses the draconian.
The draconian is moderately wounded.
You hit the white draconian but do no damage.
You closely miss the draconian. You slash the red draconian!
You slash the black draconian!
Your ynoxinul gestures at the white draconian.
The iron shot hits the draconian.
The white draconian breathes frost at you.
The chilling blast hits you! You resist.
* * * LOW HITPOINT WARNING * * *
The red draconian barely misses you.
The draconian barely misses your ynoxinul.
The black draconian breathes lightning at you.
The bolt of lightning hits you!
Ouch! That really hurt!
You die...

▓....©....▓...©...▓
∆∆
▓▓▓▓▓▓▓▓▓▓▓▓▓▓▓▓▓▓▓
∆
▓...8©8...▓..8©8..▓
▓..|)")}..▓..|....▓
▓...|.}...▓..)}...▓
▓.........▓.......▓
▓...4d....▓.......▓
▓...dddd..▓...†...▓
▓...d@d...▓.......▓
▓.▓.§3..▓.▓.▓...▓.▓
▓....©....▓...©...▓
▓▓▓▓▓▓▓▓▓▓▓▓▓▓▓▓▓▓▓
∆∆∆∆∆ ∆∆∆∆∆ ∆∆∆∆∆
∆∆∆∆


You could see a black draconian, a red draconian, a white draconian, 4
draconians, a friendly ynoxinul and a friendly chaos spawn.

Vanquished Creatures
  A draconian (D)
  A hell hound (D)
  3 orc warriors (D)
  2 scorpions (D)
  A crimson imp (D)
  2 orc priests (D)
  4 orc wizards (D)
  An adder (D)
  2 white imps (D)
  An adder skeleton (D)
  6 orcs (D)
  2 ball pythons (D)
  A bat zombie (D)
  A bat simulacrum (D)
  A jackal zombie (D)
  A leopard gecko zombie (D)
  A quokka zombie (D)
31 creatures vanquished.

Vanquished Creatures (collateral kills)
  A naga (D)
  A hell hound (D)
  A scorpion (D)
  An orc priest (D)
  2 orc wizards (D)
  An adder zombie (D)
7 creatures vanquished.

Grand Total: 38 creatures vanquished

Notes
Turn   | Place    | Note
-------+----------+-------------------------------------------
     0 | D        | Found the +6 Majin-Bo {vamp, Archmagi MP+6 Int+6}
     0 | D        | Found the +7 great mace "Firestarter" {inner flame, rF++}
     0 | D        | wilfster70 the Gnoll Enchanter began the quest for the Orb.
     0 | D        | Reached XP level 1. HP: 13/13 MP: 6/6
     0 | D        | Found a blossoming altar of Fedhas.
    13 | D        | Found a viscous altar of Jiyva.
    13 | D        | Found a transporter.
    13 | D        | Found a hazy altar of Hepliaklqana.
    13 | D        | Found an ancient bone altar of Kikubaaqudgha.
    13 | D        | Found an opulent altar of Gozag.
    13 | D        | Found a corrupted altar of Lugonu.
    14 | D        | Found a burning altar of Makhleb.
    15 | D        | Found a stormy altar of Qazlal.
    15 | D        | Found a sacrificial altar of Ru.
    15 | D        | Found an iron altar of Okawaru.
    15 | D        | Found a deep blue altar of Sif Muna.
    15 | D        | Found a sparkling altar of Nemelex Xobeh.
    15 | D        | Found a bloodstained altar of Trog.
    19 | D        | Found the +9 heavy crossbow "Sniper" {velocity, Acc+∞ SInv}
    19 | D        | Found the +10 dark maul {crush}
    19 | D        | Found the +15 Maxwell's patent armour {-Cast -Tele rElec MR+ rCorr}
    19 | D        | Found the +18 shield of the Gong {rElec rN+ MR+ EV-5}
    19 | D        | Found the cursed +14 obsidian axe {chop, +Fly SInv *Curse}
    41 | D        | Reached skill level 5 in Dodging
    41 | D        | Reached skill level 6 in Stealth
    41 | D        | Reached skill level 5 in Spellcasting
    41 | D        | Reached skill level 1 in Conjurations
    41 | D        | Reached skill level 1 in Charms
    41 | D        | Reached skill level 1 in Summonings
    41 | D        | Reached skill level 1 in Necromancy
    41 | D        | Reached skill level 1 in Translocations
    41 | D        | Reached skill level 1 in Transmutations
    41 | D        | Reached skill level 1 in Fire Magic
    41 | D        | Reached skill level 1 in Ice Magic
    41 | D        | Reached skill level 1 in Air Magic
    41 | D        | Reached skill level 1 in Earth Magic
    41 | D        | Reached skill level 1 in Poison Magic
    41 | D        | Reached XP level 2. HP: 22/22 MP: 6/8
    54 | D        | Became a worshipper of Ru the Awakened
    77 | D        | Entered arena 2.
    77 | D        | Found a transporter.
    87 | D        | Entered arena 3.
    87 | D        | Noticed a scorpion
    87 | D        | Noticed a scorpion
    87 | D        | Noticed a scorpion
    87 | D        | Found a transporter.
    89 | D        | Killed a scorpion
    89 | D        | Reached XP level 3. HP: 28/28 MP: 10/10
    90 | D        | Killed a scorpion
    90 | D        | Reached XP level 4. HP: 35/35 MP: 12/12
    91 | D        | Reached skill level 7 in Stealth
    91 | D        | Reached XP level 5. HP: 42/42 MP: 13/13
   102 | D        | Entered arena 4.
   102 | D        | Noticed a naga
   102 | D        | Found a transporter.
   107 | D        | Killed a naga
   284 | D        | Entered arena 5.
   284 | D        | Noticed a hell hound
   284 | D        | Found a transporter.
   287 | D        | Killed a hell hound
   287 | D        | Reached skill level 5 in Short Blades
   287 | D        | Reached XP level 6. HP: 49/49 MP: 15/15
   291 | D        | Reached skill level 5 in Invocations
   294 | D        | Got the ring of Inta {MR+ Slay+2}
   299 | D        | Entered arena 6.
   299 | D        | Found a transporter.
   365 | D        | Entered arena 7.
   365 | D        | Noticed an orc warrior
   365 | D        | Noticed an orc warrior
   366 | D        | Found a transporter.
   372 | D        | Reached skill level 5 in Fighting
   372 | D        | Reached skill level 5 in Long Blades
   372 | D        | Reached skill level 5 in Axes
   372 | D        | Reached skill level 5 in Maces & Flails
   372 | D        | Reached skill level 5 in Polearms
   372 | D        | Reached skill level 5 in Staves
   372 | D        | Reached skill level 5 in Slings
   372 | D        | Reached skill level 5 in Bows
   372 | D        | Reached skill level 5 in Crossbows
   372 | D        | Reached skill level 5 in Throwing
   372 | D        | Reached skill level 5 in Armour
   372 | D        | Reached skill level 5 in Shields
   372 | D        | Reached skill level 5 in Unarmed Combat
   372 | D        | Reached skill level 5 in Evocations
   373 | D        | Reached XP level 7. HP: 56/56 MP: 17/17
   373 | D        | Reached skill level 8 in Stealth
   394 | D        | Entered arena 8.
   395 | D        | Found a transporter.
   417 | D        | Entered arena 9.
   418 | D        | Found a transporter.
   423 | D        | Reached skill level 5 in Conjurations
   423 | D        | Reached skill level 5 in Charms
   423 | D        | Reached skill level 5 in Summonings
   423 | D        | Reached skill level 5 in Necromancy
   423 | D        | Reached skill level 5 in Translocations
   423 | D        | Reached skill level 5 in Transmutations
   423 | D        | Reached skill level 5 in Fire Magic
   423 | D        | Reached skill level 5 in Ice Magic
   423 | D        | Reached skill level 5 in Air Magic
   423 | D        | Reached skill level 5 in Earth Magic
   423 | D        | Reached skill level 5 in Poison Magic
   423 | D        | Reached XP level 8. HP: 62/64 MP: 19/19
   447 | D        | Entered arena 10.
   447 | D        | Noticed a white draconian
   447 | D        | Noticed a black draconian
   447 | D        | Noticed a draconian
   447 | D        | Noticed a draconian
   447 | D        | Noticed a red draconian
   447 | D        | Noticed a draconian
   447 | D        | Noticed a draconian
   447 | D        | Noticed a draconian
   448 | D        | Found a transporter.
   454 | D        | Killed a draconian
   454 | D        | Reached skill level 9 in Stealth
   455 | D        | Killed from afar by a black draconian

Skill      XL: |  1  2  3  4  5  6  7  8 |
---------------+-------------------------+-----
Fighting       | 2 3 4 5 6 |  6.5
Short Blades   | 3 4 5 6 7 |  7.1
Long Blades    | 2 3 4 5 6 |  6.5
Axes           | 2 3 4 5 6 |  6.5
Maces & Flails | 2 3 4 5 6 |  6.5
Polearms       | 2 3 4 5 6 |  6.5
Staves         | 2 3 4 5 6 |  6.5
Slings         | 2 3 4 5 6 |  6.5
Bows           | 2 3 4 5 6 |  6.5
Crossbows      | 2 3 4 5 6 |  6.5
Throwing       | 2 3 4 5 6 |  6.5
Armour         | 2 3 4 5 6 |  6.5
Dodging        | 5 6 7 8 |  8.0
Stealth        | 6 7 8 9 |  9.0
Shields        | 2 3 4 5 6 7 |  7.1
Unarmed Combat | 2 3 4 5 6 |  6.5
Spellcasting   | 5 6 7 8 |  8.3
Conjurations   | 1 2 3 4 5 |  5.4
Charms         | 1 2 3 4 5 |  5.4
Summonings     | 1 2 3 4 5 |  5.4
Necromancy     | 1 2 3 4 5 |  5.4
Translocations | 1 2 3 4 5 |  5.4
Transmutations | 1 2 3 4 5 |  5.4
Fire Magic     | 1 2 3 4 5 |  5.4
Ice Magic      | 1 2 3 4 5 |  5.4
Air Magic      | 1 2 3 4 5 |  5.4
Earth Magic    | 1 2 3 4 5 |  5.4
Poison Magic   | 1 2 3 4 5 |  5.4
Invocations    | 2 3 4 5 6 7 |  7.1
Evocations     | 2 3 4 5 6 |  6.5
Hexes          | 6 7 |  7.8

Action                   |  1- 3 |  4- 6 |  7- 9 || total
-------------------------+-------+-------+-------++-------
Melee: Broad axe         |     3 |    20 |    17 ||    40
       Bite              |       |     2 |       ||     2
Invok: Reject Sacrifices |       |     1 |       ||     1
  Use: Potion            |     1 |       |       ||     1
Armor: Gold dragon scale |     2 |    18 |    19 ||    39
Dodge: Dodged            |       |     6 |     3 ||     9
Block: Shield            |     2 |    17 |    21 ||    40
